Philadelphia Phantoms vs Hamilton Bulldogs

Created - 19 octobre 2017 at 19:15

Goals
1 2 3 T
Philadelphia Phantoms 0 2 3 5
Hamilton Bulldogs 5 1 1 7
Shots
1 2 3 T
Philadelphia Phantoms 12 18 17 47
Hamilton Bulldogs 15 13 11 39

1st period

1. Hamilton Bulldogs , Alexandre Grenier 9 (Jordan Weal 6, Bryan Bickell 7) at 2:17
2. Hamilton Bulldogs , Jordan Weal 2 (Alexandre Grenier 2, Nick Jensen 2) at 8:10
3. Hamilton Bulldogs , Bryan Bickell 4 (Jordan Weal 7, Alexandre Grenier 3) at 8:22
4. Hamilton Bulldogs , Tomas Nosek 1 (Bryan Bickell 8) at 8:52
5. Hamilton Bulldogs , Tomas Nosek 2 (Adam Erne 4, Carter Rowney 2) at 13:47 (PP)

Penalties :
Nick Jensen (BUL) for Goalie Interference (Minor) at 3:24, Reid Boucher (PHA) for Tripping (Minor) at 13:31, Viktor Svedberg (BUL) for Tripping (Minor) at 17:29

2nd period

6. Hamilton Bulldogs , Jordan Weal 3 (Alexandre Grenier 4) at 5:56 (PP)
7. Philadelphia Phantoms , Dryden Hunt 3 (Alexandre Carrier 3, Dakota Mermis 3) at 18:10
8. Philadelphia Phantoms , Dale Weise 2 (Joshua Ho-Sang 5) at 18:17

Penalties :
Chris Butler (BUL) for Fighting (Major) at 2:36, Matt Caito (PHA) for Fighting (Major) at 2:36, Jonathan Diaby (PHA) for High sticking (Minor) at 5:50, Alexandre Grenier (BUL) for Hooking (Minor) at 11:01, Bryan Bickell (BUL) for Fighting (Major) at 15:35, Matt Caito (PHA) for Fighting (Major) at 15:35, Viktor Svedberg (BUL) for Fighting (Major) at 19:41, Nic Kerdiles (PHA) for Fighting (Major) at 19:41

3rd period

9. Hamilton Bulldogs , Jayce Hawryluk 1 (Alexander Nylander 4, Adam Erne 5) at 5:46
10. Philadelphia Phantoms , Joshua Ho-Sang 4 (Dale Weise 3, Kevin Labanc 3) at 8:32 (PP)
11. Philadelphia Phantoms , Sean Kuraly 5 (Dryden Hunt 2) at 15:59
12. Philadelphia Phantoms , Dryden Hunt 4 (Dakota Mermis 4, Zac Dalpe 5) at 19:57

Penalties :
Jonathan Diaby (PHA) for Hooking (Minor) at 3:36, Viktor Svedberg (BUL) for Holding (Minor) at 8:18, Reid Boucher (PHA) for Holding (Minor) at 11:11, Nick Jensen (BUL) for Fighting (Major) at 18:21, Alexandre Carrier (PHA) for Fighting (Major) at 18:21

Goalie Stats

Jack Campbell (PHA), 5 saves from 9 shots - (0,556), 8:52 minutes
Darcy Kuemper (PHA), 27 saves from 30 shots - (0,900), L, 3-1-0, 51:08 minutes
Lars Johansson (BUL), 42 saves from 47 shots - (0,894), W, 1-0-0, 60:00 minutes

Players Stats for Philadelphia Phantoms

Player Name              G  A  P  +/- PIM S  H  SB GA TA FO     MP     PP MP  PK MP  
------------------------------------------------------------------------------------
Alexandre Carrier        0  1  1   0  5   1  2  0  1  2  0/0    25:24   3:20   2:24 
Chad Billins             0  0  0   0  0   0  1  1  0  0  0/0    17:57   0:00   2:24 
Dakota Mermis            0  2  2   0  0   1  0  0  0  1  0/0    22:04   2:51   1:56 
Dale Weise               1  1  2   1  0   1  4  0  0  0  2/4    16:48   2:31   0:00 
Dean Kukan               0  0  0  -2  0   0  2  2  0  1  0/0    25:28   3:20   1:08 
Dryden Hunt              2  1  3   0  0   6  0  1  0  0  0/0    14:08   0:45   0:33 
Jonathan Diaby           0  0  0  -2  4   1  1  1  0  3  0/0    13:25   0:00   0:48 
Jordan Maletta           0  0  0   0  0   0  1  0  0  0  5/7    10:24   0:00   1:50 
Joshua Ho-Sang           1  1  2   0  0   3  1  0  2  0  6/26   17:54   2:35   0:36 
Juho Lammikko            0  0  0   0  0   0  1  0  0  0  0/0     8:34   0:00   0:00 
Kevin Fiala              0  0  0  -2  0   11 0  0  2  0  0/0    17:04   2:55   0:00 
Kevin Labanc             0  1  1   1  0   2  0  0  0  2  0/1    16:48   2:31   0:00 
Matt Caito               0  0  0   1  10  0  2  1  0  0  0/0    15:48   2:51   0:00 
Nic Kerdiles             0  0  0   0  5   3  0  0  1  0  1/1     7:41   0:00   0:02 
Reid Boucher             0  0  0  -2  4   7  2  0  1  0  0/0    17:26   2:55   0:00 
Scott Laughton           0  0  0  -2  0   2  0  0  1  0  16/24  19:17   2:55   2:13 
Sean Kuraly              1  0  1   1  0   4  0  0  0  0  5/11   15:02   0:52   1:34 
Zac Dalpe                0  1  1   1  0   5  2  0  1  0  1/1    14:22   0:34   1:54 

Players Stats for Hamilton Bulldogs

Player Name              G  A  P  +/- PIM S  H  SB GA TA FO     MP     PP MP  PK MP  
------------------------------------------------------------------------------------
Adam Erne                0  2  2   0  0   5  4  0  1  1  1/1    15:35   1:55   0:00 
Alexander Nylander       0  1  1   1  0   1  3  0  1  0  1/1    15:42   0:01   1:38 
Alexandre Grenier        1  3  4   0  2   2  1  2  0  0  0/1    19:54   2:24   1:06 
Anthony DeAngelo         0  0  0  -1  0   2  1  1  0  1  0/0    21:50   2:08   2:44 
Bryan Bickell            1  2  3   1  5   4  1  1  2  1  0/0    20:43   2:24   3:27 
Carter Rowney            0  1  1  -1  0   2  2  0  0  1  13/22  20:48   1:55   2:56 
Casey Nelson             0  0  0   1  0   1  0  0  1  0  0/0    10:56   0:00   0:28 
Chris Butler             0  0  0  -1  5   0  0  2  0  1  0/0    18:00   2:02   2:15 
Jan Mandat               0  0  0  -1  0   0  0  0  0  0  0/0     8:09   0:00   0:00 
Jayce Hawryluk           1  0  1   2  0   3  1  0  0  0  1/1    10:24   0:01   0:00 
Jordan Weal              2  2  4   0  0   8  1  0  1  0  18/36  19:45   2:24   0:32 
Julian Melchiori         0  0  0   1  0   0  0  0  1  2  0/0    29:08   2:11   3:33 
Kyle Criscuolo           0  0  0  -1  0   2  1  1  1  0  3/5     8:09   0:00   0:00 
Nick Jensen              0  1  1   2  7   2  5  2  1  1  0/0    27:43   2:12   2:45 
Teemu Pulkkinen          0  0  0   0  0   2  0  1  0  0  0/0     8:24   0:04   0:00 
Tim Erixon               0  0  0   1  0   0  0  0  0  0  0/0    13:58   0:07   0:23 
Tomas Nosek              2  0  2   1  0   3  1  0  0  1  2/8    14:36   1:52   2:15 
Viktor Svedberg          0  0  0   0  9   2  0  0  0  0  0/0     9:57   0:00   0:42 

3 Stars

1 - Jordan Weal (BUL)
2 - Tomas Nosek (BUL)
3 - Alexandre Grenier (BUL)

Power Play

Philadelphia Phantoms - 1 on 4 Attempt(s) - 25,00%
Hamilton Bulldogs - 2 on 4 Attempt(s) - 50,00%

Penalty Kill

Philadelphia Phantoms - 2 on 4 Attempt(s) - 50,00% - Score 0 goal in Penalty Kill
Hamilton Bulldogs - 3 on 4 Attempt(s) - 75,00% - Score 0 goal in Penalty Kill

Team Stat

Philadelphia Phantoms - Hits : 19 - Faceoff Wins : 36 - Blocked Shots : 6 - Penalty Minutes : 28
Hamilton Bulldogs - Hits : 21 - Faceoff Wins : 39 - Blocked Shots : 10 - Penalty Minutes : 28

Official

Referees : Dave Jackson and Brad Meier
Linesman : Scott Driscoll and Jay Sharrers

Game Notes

Darcy Kuemper enters game at 8:52 of 1st period
Matt Caito beats up Chris Butler at 2:36 of 2nd period
Bryan Bickell and Matt Caito fight to a draw at 15:35 of 2nd period
Viktor Svedberg beats up Nic Kerdiles at 19:41 of 2nd period
Nick Jensen beats up Alexandre Carrier at 18:21 of 3rd period

Finance

Level 1 -- Attendance: 1554 (77,70%) -- Ticket Income 69 930 $
Level 2 -- Attendance: 810 (81,00%) -- Ticket Income 24 300 $
Total Attendance: 2364 (78,80%)
Total Ticket Income: 94 230 $
Other Income: 46 173 $
Total Income: 140 403 $

Philadelphia Phantoms

5 vs 5 Forward 
   Center                   Left Wing                Right Wing               Time % Phy DF OF 
 1 Joshua Ho-Sang           Kevin Labanc             Dale Weise               34     0   2  3  
 2 Scott Laughton           Reid Boucher             Kevin Fiala              30     0   2  3  
 3 Sean Kuraly              Dryden Hunt              Zac Dalpe                26     0   2  3  
 4 Jordan Maletta           Nic Kerdiles             Juho Lammikko            10     0   3  2  

5 vs 5 Defense 
   Defense                  Defense                                           Time % Phy DF OF 
 1 Dean Kukan               Alexandre Carrier                                 40     1   2  2  
 2 Matt Caito               Dakota Mermis                                     36     1   2  2  
 3 Chad Billins             Jonathan Diaby                                    24     1   2  2  
 4 Matt Caito               Alexandre Carrier                                 0      1   2  2  

PowerPlay Forward 
   Center                   Left Wing                Right Wing               Time % Phy DF OF 
 1 Joshua Ho-Sang           Kevin Labanc             Dale Weise               60     1   2  2  
 2 Scott Laughton           Reid Boucher             Kevin Fiala              40     1   2  2  

PowerPlay Defense
   Defense                  Defense                                           Time % Phy DF OF 
 1 Dean Kukan               Alexandre Carrier                                 60     1   2  2  
 2 Matt Caito               Dakota Mermis                                     40     1   2  2  

Penalty Kill 4 Players Forward 
   Center                   Wing                     Time % Phy DF OF 
 1 Scott Laughton           Zac Dalpe                60     0   5  0  
 2 Jordan Maletta           Sean Kuraly              40     0   5  0  

Penalty Kill 4 Players Defense
   Defense                  Defense                  Time % Phy DF OF 
 1 Chad Billins             Alexandre Carrier        60     0   5  0  
 2 Jonathan Diaby           Dakota Mermis            40     0   5  0  

Penalty Kill - 3 Players Forward 
   Forward                                           Time % Phy DF OF 
 1 Zac Dalpe                                         60     0   5  0  
 2 Jordan Maletta                                    40     0   5  0  

Penalty Kill - 3 Players Defense
   Defense                  Defense                  Time % Phy DF OF 
 1 Chad Billins             Alexandre Carrier        60     0   5  0  
 2 Jonathan Diaby           Dakota Mermis            40     0   5  0  

4 vs 4 Forward 
   Center                   Wing                     Time % Phy DF OF 
 1 Joshua Ho-Sang           Dale Weise               60     1   2  2  
 2 Kevin Labanc             Reid Boucher             40     1   2  2  

4 vs 4 Defense
   Defense                  Defense                  Time % Phy DF OF 
 1 Dean Kukan               Alexandre Carrier        60     1   2  2  
 2 Matt Caito               Dakota Mermis            40     1   2  2  

Last Minutes Offensive
   Center                   Left Wing                Right Wing               Defense                  Defense                  
   Joshua Ho-Sang           Kevin Labanc             Dale Weise               Dean Kukan               Alexandre Carrier        

Last Minutes Defensive
   Center                   Left Wing                Right Wing               Defense                  Defense                  
   Scott Laughton           Sean Kuraly              Zac Dalpe                Dean Kukan               Chad Billins             

Goaltenders
Starting : Jack Campbell            
Backup : Darcy Kuemper            

Extra Forwards
Normal : Sean Kuraly, Dryden Hunt, Jordan Maletta - PP : Sean Kuraly, Dryden Hunt - PK : Jordan Maletta
Extra Defensemen
Normal : Chad Billins, Jonathan Diaby, Dean Kukan - PP : Chad Billins - PK : Jonathan Diaby, Dean Kukan
Penalty Shots
Joshua Ho-Sang, Dale Weise, Kevin Labanc, Reid Boucher, Kevin Fiala

Scratches
Ryan MacInnis (Healthy), Jon Martin (Healthy), Rihards Bukarts (Healthy), Alex Lyon (Healthy), Matthew O'Connor (Healthy)

Hamilton Bulldogs

5 vs 5 Forward 
   Center                   Left Wing                Right Wing               Time % Phy DF OF 
 1 Jordan Weal              Bryan Bickell            Alexandre Grenier        40     1   2  2  
 2 Carter Rowney            Alexander Nylander       Adam Erne                30     1   2  2  
 3 Tomas Nosek              Casey Nelson             Jayce Hawryluk           20     1   2  2  
 4 Kyle Criscuolo           Teemu Pulkkinen          Jan Mandat               10     1   2  2  

5 vs 5 Defense 
   Defense                  Defense                                           Time % Phy DF OF 
 1 Nick Jensen              Julian Melchiori                                  40     1   2  2  
 2 Anthony DeAngelo         Chris Butler                                      30     1   2  2  
 3 Tim Erixon               Viktor Svedberg                                   20     1   2  2  
 4 Nick Jensen              Julian Melchiori                                  10     1   2  2  

PowerPlay Forward 
   Center                   Left Wing                Right Wing               Time % Phy DF OF 
 1 Jordan Weal              Bryan Bickell            Alexandre Grenier        60     1   2  2  
 2 Carter Rowney            Tomas Nosek              Adam Erne                40     1   2  2  

PowerPlay Defense
   Defense                  Defense                                           Time % Phy DF OF 
 1 Nick Jensen              Julian Melchiori                                  60     1   2  2  
 2 Anthony DeAngelo         Chris Butler                                      40     1   2  2  

Penalty Kill 4 Players Forward 
   Center                   Wing                     Time % Phy DF OF 
 1 Carter Rowney            Bryan Bickell            60     1   2  2  
 2 Tomas Nosek              Alexandre Grenier        40     1   2  2  

Penalty Kill 4 Players Defense
   Defense                  Defense                  Time % Phy DF OF 
 1 Nick Jensen              Julian Melchiori         60     1   2  2  
 2 Anthony DeAngelo         Chris Butler             40     1   2  2  

Penalty Kill - 3 Players Forward 
   Forward                                           Time % Phy DF OF 
 1 Carter Rowney                                     60     1   2  2  
 2 Tomas Nosek                                       40     1   2  2  

Penalty Kill - 3 Players Defense
   Defense                  Defense                  Time % Phy DF OF 
 1 Nick Jensen              Julian Melchiori         60     1   2  2  
 2 Anthony DeAngelo         Chris Butler             40     1   2  2  

4 vs 4 Forward 
   Center                   Wing                     Time % Phy DF OF 
 1 Jordan Weal              Alexandre Grenier        60     1   2  2  
 2 Bryan Bickell            Alexander Nylander       40     1   2  2  

4 vs 4 Defense
   Defense                  Defense                  Time % Phy DF OF 
 1 Nick Jensen              Julian Melchiori         60     1   2  2  
 2 Anthony DeAngelo         Chris Butler             40     1   2  2  

Last Minutes Offensive
   Center                   Left Wing                Right Wing               Defense                  Defense                  
   Jordan Weal              Bryan Bickell            Alexandre Grenier        Nick Jensen              Julian Melchiori         

Last Minutes Defensive
   Center                   Left Wing                Right Wing               Defense                  Defense                  
   Carter Rowney            Tomas Nosek              Bryan Bickell            Nick Jensen              Julian Melchiori         

Goaltenders
Starting : Lars Johansson           
Backup : Laurent Brossoit         

Extra Forwards
Normal : Carter Rowney, Tomas Nosek, Casey Nelson - PP : Teemu Pulkkinen, Alexander Nylander - PK : Alexander Nylander
Extra Defensemen
Normal : Tim Erixon, Viktor Svedberg, Anthony DeAngelo - PP : Tim Erixon - PK : Viktor Svedberg, Anthony DeAngelo
Penalty Shots
Jordan Weal, Alexandre Grenier, Bryan Bickell, Alexander Nylander, Adam Erne

Scratches
Henri Ikonen (Healthy), Jeremy Gregoire (Healthy), Tyler Lewington (Healthy), Luc Snuggerud (Healthy), Stuart Percy (Healthy)
Jean-Francois Berube (Healthy), Landon Bow (Healthy)

% Time on Ice - Philadelphia Phantoms

Lines # - Real PCT - Wanted PCT - Time Play
Normal Forward
1 - 32% - 34% - 15:41
2 - 29% - 30% - 14:09
3 - 22% - 26% - 11:05
4 - 17% - 10% - 8:34
Normal Defense
1 - 41% - 40% - 20:05
2 - 36% - 36% - 17:47
3 - 20% - 24% - 10:08
4 - 3% - 0% - 1:29
PP Forward
1 - 53% - 60% - 3:16
2 - 47% - 40% - 2:55
PP Defense
1 - 54% - 60% - 3:20
2 - 46% - 40% - 2:51
PK Forward
1 - 88% - 60% - 3:48
2 - 12% - 40% - 0:32
PK Defense
1 - 55% - 60% - 2:24
2 - 45% - 40% - 1:56
PK3 Forward
1 - 0% - 60%
2 - 0% - 40%
PK3 Defense
1 - 0% - 60%
2 - 0% - 40%
44 Forward
1 - 0% - 60%
2 - 0% - 40%
44 Defense
1 - 0% - 60%
2 - 0% - 40%
Last Minute Offensive  - 0:00
Last Minute Defensive  - 0:00
Total
Forward - 60:00
Defense - 60:00

% Time on Ice - Hamilton Bulldogs

Lines # - Real PCT - Wanted PCT - Time Play
Normal Forward
1 - 35% - 40% - 17:17
2 - 28% - 30% - 13:51
3 - 21% - 20% - 10:12
4 - 16% - 10% - 8:09
Normal Defense
1 - 42% - 40% - 20:54
2 - 32% - 30% - 15:42
3 - 20% - 20% - 10:06
4 - 6% - 10% - 2:47
PP Forward
1 - 55% - 60% - 2:24
2 - 45% - 40% - 1:56
PP Defense
1 - 51% - 60% - 2:12
2 - 49% - 40% - 2:08
PK Forward
1 - 69% - 60% - 4:17
2 - 31% - 40% - 1:54
PK Defense
1 - 64% - 60% - 3:56
2 - 36% - 40% - 2:15
PK3 Forward
1 - 0% - 60%
2 - 0% - 40%
PK3 Defense
1 - 0% - 60%
2 - 0% - 40%
44 Forward
1 - 0% - 60%
2 - 0% - 40%
44 Defense
1 - 0% - 60%
2 - 0% - 40%
Last Minute Offensive  - 0:00
Last Minute Defensive  - 0:00
Total
Forward - 60:00
Defense - 60:00

Play by Play

1st period


0:01 of 1st period - Jordan Weal wins face-off versus Joshua Ho-Sang in neutral zone.
1:12 of 1st period - Wrist shot by Jordan Weal.
1:12 of 1st period - Shot Blocked by Matt Caito.
1:51 of 1st period - Matt Caito is hit by Carter Rowney and loses puck.
2:02 of 1st period - Slapshot by Kevin Fiala.
2:02 of 1st period - Stopped by Lars Johansson without a rebound.
2:03 of 1st period - Jordan Weal wins face-off versus Sean Kuraly in Hamilton Bulldogs zone.
2:03 of 1st period - Jordan Weal is hit by Zac Dalpe.
2:17 of 1st period - Wrist shot by Alexandre Grenier.
2:17 of 1st period - Goal by Alexandre Grenier - Philadelphia Phantoms : 0 - Hamilton Bulldogs : 1.
2:18 of 1st period - Carter Rowney wins face-off versus Joshua Ho-Sang in neutral zone.
2:23 of 1st period - Snap shot by Carter Rowney.
2:23 of 1st period - Shot Blocked by Jonathan Diaby.
2:25 of 1st period - Wrist shot by Carter Rowney.
2:25 of 1st period - Deflect By Adam Erne.
2:25 of 1st period - Stopped by Jack Campbell with a rebound.
2:27 of 1st period - Snap shot by Carter Rowney.
2:27 of 1st period - Deflect By Dale Weise.
2:27 of 1st period - Shot Misses the Net.
2:27 of 1st period - Puck is out of play.
2:28 of 1st period - Carter Rowney wins face-off versus Joshua Ho-Sang in Philadelphia Phantoms zone.
2:49 of 1st period - Joshua Ho-Sang is hit by Carter Rowney and loses puck.
3:24 of 1st period - Minor Penalty to Nick Jensen for Goalie Interference.
3:25 of 1st period - Carter Rowney wins face-off versus Scott Laughton in Hamilton Bulldogs zone.
3:57 of 1st period - Anthony DeAngelo is hit by Dale Weise and loses puck.
4:08 of 1st period - Bryan Bickell is hit by Matt Caito and loses puck.
5:07 of 1st period - Icing by Dryden Hunt.
5:08 of 1st period - Alexander Nylander wins face-off versus Sean Kuraly in Philadelphia Phantoms zone.
5:09 of 1st period - Snap shot by Bryan Bickell.
5:09 of 1st period - Stopped by Jack Campbell with a rebound.
5:24 of 1st period - Penalty to Nick Jensen is over, Nick Jensen is back on ice.
5:25 of 1st period - Slapshot by Dryden Hunt.
5:25 of 1st period - Shot Misses the Net.
5:27 of 1st period - Snap shot by Zac Dalpe.
5:27 of 1st period - Stopped by Lars Johansson with a rebound.
5:55 of 1st period - Snap shot by Sean Kuraly.
5:55 of 1st period - Shot Misses the Net.
6:01 of 1st period - Wrist shot by Sean Kuraly.
6:01 of 1st period - Stopped by Lars Johansson without a rebound.
6:02 of 1st period - Scott Laughton wins face-off versus Tomas Nosek in Hamilton Bulldogs zone.
6:05 of 1st period - Snap shot by Kevin Fiala.
6:05 of 1st period - Stopped by Lars Johansson with a rebound.
6:07 of 1st period - Snap shot by Scott Laughton.
6:07 of 1st period - Stopped by Lars Johansson with a rebound.
6:39 of 1st period - Wrist shot by Kyle Criscuolo.
6:39 of 1st period - Shot Misses the Net.
7:06 of 1st period - Wrist shot by Jordan Weal.
7:06 of 1st period - Stopped by Jack Campbell with a rebound.
7:08 of 1st period - Snap shot by Anthony DeAngelo.
7:08 of 1st period - Stopped by Jack Campbell with a rebound.
7:58 of 1st period - Wrist shot by Reid Boucher.
7:58 of 1st period - Deflect By Kevin Fiala.
7:58 of 1st period - Shot Misses the Net.
7:58 of 1st period - Puck is out of play.
7:59 of 1st period - Scott Laughton wins face-off versus Jordan Weal in Hamilton Bulldogs zone.
8:10 of 1st period - Slapshot by Jordan Weal.
8:10 of 1st period - Goal by Jordan Weal - Philadelphia Phantoms : 0 - Hamilton Bulldogs : 2.
8:11 of 1st period - Sean Kuraly wins face-off versus Jordan Weal in neutral zone.
8:16 of 1st period - Wrist shot by Sean Kuraly.
8:16 of 1st period - Stopped by Lars Johansson with a rebound.
8:22 of 1st period - Snap shot by Bryan Bickell.
8:22 of 1st period - Goal by Bryan Bickell - Philadelphia Phantoms : 0 - Hamilton Bulldogs : 3.
8:23 of 1st period - Sean Kuraly wins face-off versus Jordan Weal in neutral zone.
8:38 of 1st period - Snap shot by Jordan Weal.
8:38 of 1st period - Stopped by Jack Campbell with a rebound.
8:52 of 1st period - Wrist shot by Tomas Nosek.
8:52 of 1st period - Goal by Tomas Nosek - Philadelphia Phantoms : 0 - Hamilton Bulldogs : 4.
8:52 of 1st period - Darcy Kuemper enters game.
8:53 of 1st period - Jordan Weal wins face-off versus Sean Kuraly in neutral zone.
8:55 of 1st period - Off-side.
8:56 of 1st period - Jordan Weal wins face-off versus Sean Kuraly in neutral zone.
9:30 of 1st period - Snap shot by Carter Rowney.
9:30 of 1st period - Shot Misses the Net.
9:35 of 1st period - Off-side.
9:36 of 1st period - Jayce Hawryluk wins face-off versus Joshua Ho-Sang in neutral zone.
9:51 of 1st period - Snap shot by Tomas Nosek.
9:51 of 1st period - Shot Misses the Net.
10:03 of 1st period - Kevin Fiala is hit by Nick Jensen and loses puck.
10:24 of 1st period - Slapshot by Adam Erne.
10:24 of 1st period - Shot Misses the Net.
10:26 of 1st period - Slapshot by Nick Jensen.
10:26 of 1st period - Stopped by Darcy Kuemper with a rebound.
10:28 of 1st period - Snap shot by Carter Rowney.
10:28 of 1st period - Shot Misses the Net.
10:30 of 1st period - Wrist shot by Carter Rowney.
10:30 of 1st period - Stopped by Darcy Kuemper without a rebound.
10:31 of 1st period - Carter Rowney wins face-off versus Scott Laughton in Philadelphia Phantoms zone.
10:42 of 1st period - Wrist shot by Reid Boucher.
10:42 of 1st period - Stopped by Lars Johansson with a rebound.
11:01 of 1st period - Slapshot by Kevin Fiala.
11:01 of 1st period - Shot Blocked by Alexandre Grenier.
11:07 of 1st period - Snap shot by Sean Kuraly.
11:07 of 1st period - Stopped by Lars Johansson with a rebound.
12:15 of 1st period - Wrist shot by Alexandre Grenier.
12:15 of 1st period - Shot Misses the Net.
12:39 of 1st period - Snap shot by Jordan Weal.
12:39 of 1st period - Shot Misses the Net.
12:41 of 1st period - Snap shot by Viktor Svedberg.
12:41 of 1st period - Stopped by Darcy Kuemper with a rebound.
13:03 of 1st period - Snap shot by Bryan Bickell.
13:03 of 1st period - Shot Blocked by Dryden Hunt.
13:05 of 1st period - Wrist shot by Alexandre Grenier.
13:05 of 1st period - Shot Misses the Net.
13:09 of 1st period - Slapshot by Jordan Weal.
13:09 of 1st period - Stopped by Darcy Kuemper without a rebound.
13:10 of 1st period - Scott Laughton wins face-off versus Tomas Nosek in Philadelphia Phantoms zone.
13:31 of 1st period - Minor Penalty to Reid Boucher for Tripping.
13:32 of 1st period - Carter Rowney wins face-off versus Scott Laughton in Philadelphia Phantoms zone.
13:47 of 1st period - Snap shot by Tomas Nosek.
13:47 of 1st period - Goal by Tomas Nosek - Philadelphia Phantoms : 0 - Hamilton Bulldogs : 5.
13:48 of 1st period - Carter Rowney wins face-off versus Joshua Ho-Sang in neutral zone.
13:53 of 1st period - Dale Weise is hit by Alexander Nylander and loses puck.
14:00 of 1st period - Snap shot by Kevin Labanc.
14:00 of 1st period - Stopped by Lars Johansson with a rebound.
14:02 of 1st period - Snap shot by Dale Weise.
14:02 of 1st period - Shot Misses the Net.
14:04 of 1st period - Snap shot by Kevin Labanc.
14:04 of 1st period - Stopped by Lars Johansson with a rebound.
14:19 of 1st period - Snap shot by Reid Boucher.
14:19 of 1st period - Stopped by Lars Johansson without a rebound.
14:20 of 1st period - Tomas Nosek wins face-off versus Scott Laughton in Hamilton Bulldogs zone.
15:01 of 1st period - Carter Rowney is hit by Dale Weise.
15:08 of 1st period - Icing by Julian Melchiori.
15:09 of 1st period - Jordan Maletta wins face-off versus Kyle Criscuolo in Hamilton Bulldogs zone.
15:10 of 1st period - Snap shot by Nic Kerdiles.
15:10 of 1st period - Shot Misses the Net.
15:12 of 1st period - Slapshot by Alexandre Carrier.
15:12 of 1st period - Shot Blocked by Nick Jensen.
15:14 of 1st period - Snap shot by Nic Kerdiles.
15:14 of 1st period - Stopped by Lars Johansson without a rebound.
15:15 of 1st period - Kyle Criscuolo wins face-off versus Jordan Maletta in Hamilton Bulldogs zone.
15:15 of 1st period - Kyle Criscuolo is hit by Juho Lammikko.
16:09 of 1st period - Snap shot by Nic Kerdiles.
16:09 of 1st period - Shot Blocked by Teemu Pulkkinen.
16:27 of 1st period - Wrist shot by Teemu Pulkkinen.
16:27 of 1st period - Stopped by Darcy Kuemper without a rebound.
16:28 of 1st period - Carter Rowney wins face-off versus Dale Weise in Philadelphia Phantoms zone.
17:29 of 1st period - Minor Penalty to Viktor Svedberg for Tripping.
17:30 of 1st period - Carter Rowney wins face-off versus Scott Laughton in Hamilton Bulldogs zone.
17:53 of 1st period - Icing by Scott Laughton.
17:54 of 1st period - Scott Laughton wins face-off versus Carter Rowney in Philadelphia Phantoms zone.
18:19 of 1st period - Dale Weise is hit by Alexandre Grenier and loses puck.
19:29 of 1st period - Penalty to Viktor Svedberg is over, Viktor Svedberg is back on ice.
19:46 of 1st period - Nic Kerdiles is hit by Nick Jensen and loses puck.
Goals for this period are 0 for Philadelphia Phantoms vs 5 for Hamilton Bulldogs.
Shots for this period are 12 for Philadelphia Phantoms vs 15 for Hamilton Bulldogs.

2nd period


0:01 of 2nd period - Scott Laughton wins face-off versus Alexandre Grenier in neutral zone.
0:08 of 2nd period - Snap shot by Reid Boucher.
0:08 of 2nd period - Shot Blocked by Nick Jensen.
0:46 of 2nd period - Icing by Adam Erne.
0:47 of 2nd period - Sean Kuraly wins face-off versus Tomas Nosek in Hamilton Bulldogs zone.
0:54 of 2nd period - Snap shot by Sean Kuraly.
0:54 of 2nd period - Shot Misses the Net.
0:56 of 2nd period - Slapshot by Alexandre Carrier.
0:56 of 2nd period - Shot Blocked by Anthony DeAngelo.
1:23 of 2nd period - Wrist shot by Bryan Bickell.
1:23 of 2nd period - Stopped by Darcy Kuemper without a rebound.
1:24 of 2nd period - Carter Rowney wins face-off versus Joshua Ho-Sang in Philadelphia Phantoms zone.
1:35 of 2nd period - Snap shot by Alexander Nylander.
1:35 of 2nd period - Shot Misses the Net.
1:37 of 2nd period - Wrist shot by Adam Erne.
1:37 of 2nd period - Shot Misses the Net.
1:39 of 2nd period - Wrist shot by Alexander Nylander.
1:39 of 2nd period - Stopped by Darcy Kuemper without a rebound.
1:40 of 2nd period - Scott Laughton wins face-off versus Jordan Weal in Philadelphia Phantoms zone.
1:45 of 2nd period - Slapshot by Kevin Fiala.
1:45 of 2nd period - Shot Misses the Net.
1:47 of 2nd period - Wrist shot by Dean Kukan.
1:47 of 2nd period - Shot Blocked by Bryan Bickell.
1:49 of 2nd period - Wrist shot by Scott Laughton.
1:49 of 2nd period - Deflect By Kevin Fiala.
1:49 of 2nd period - Shot Misses the Net.
1:49 of 2nd period - Puck is out of play.
1:50 of 2nd period - Scott Laughton wins face-off versus Jordan Weal in Hamilton Bulldogs zone.
2:05 of 2nd period - Slapshot by Reid Boucher.
2:05 of 2nd period - Stopped by Lars Johansson with a rebound.
2:07 of 2nd period - Slapshot by Dean Kukan.
2:07 of 2nd period - Shot Misses the Net.
2:09 of 2nd period - Slapshot by Scott Laughton.
2:09 of 2nd period - Shot Hit the Post.
2:11 of 2nd period - Wrist shot by Kevin Fiala.
2:11 of 2nd period - Shot Misses the Net.
2:13 of 2nd period - Wrist shot by Reid Boucher.
2:13 of 2nd period - Shot Misses the Net.
2:15 of 2nd period - Wrist shot by Scott Laughton.
2:15 of 2nd period - Stopped by Lars Johansson with a rebound.
2:33 of 2nd period - Slapshot by Kevin Fiala.
2:33 of 2nd period - Stopped by Lars Johansson without a rebound.
2:34 of 2nd period - Carter Rowney wins face-off versus Joshua Ho-Sang in Hamilton Bulldogs zone.
2:36 of 2nd period - Matt Caito beats up Chris Butler.
2:36 of 2nd period - Penalty to Chris Butler for Fighting.
2:36 of 2nd period - Penalty to Matt Caito for Fighting.
2:37 of 2nd period - Joshua Ho-Sang wins face-off versus Carter Rowney in neutral zone.
2:41 of 2nd period - Icing by Adam Erne.
2:42 of 2nd period - Adam Erne wins face-off versus Joshua Ho-Sang in Hamilton Bulldogs zone.
2:47 of 2nd period - Wrist shot by Alexander Nylander.
2:47 of 2nd period - Shot Misses the Net.
2:49 of 2nd period - Snap shot by Nick Jensen.
2:49 of 2nd period - Deflect By Carter Rowney.
2:49 of 2nd period - Stopped by Darcy Kuemper with a rebound.
2:51 of 2nd period - Snap shot by Adam Erne.
2:51 of 2nd period - Stopped by Darcy Kuemper with a rebound.
4:17 of 2nd period - Julian Melchiori is hit by Jonathan Diaby and loses puck.
4:34 of 2nd period - Adam Erne is hit by Reid Boucher and loses puck.
4:43 of 2nd period - Reid Boucher is hit by Anthony DeAngelo and loses puck.
5:00 of 2nd period - Wrist shot by Jordan Weal.
5:00 of 2nd period - Stopped by Darcy Kuemper with a rebound.
5:23 of 2nd period - Jayce Hawryluk is hit by Alexandre Carrier and loses puck.
5:50 of 2nd period - Minor Penalty to Jonathan Diaby for High sticking.
5:51 of 2nd period - Jordan Weal wins face-off versus Scott Laughton in Philadelphia Phantoms zone.
5:54 of 2nd period - Snap shot by Alexandre Grenier.
5:54 of 2nd period - Shot Misses the Net.
5:56 of 2nd period - Wrist shot by Jordan Weal.
5:56 of 2nd period - Goal by Jordan Weal - Philadelphia Phantoms : 0 - Hamilton Bulldogs : 6.
5:57 of 2nd period - Jordan Weal wins face-off versus Joshua Ho-Sang in neutral zone.
6:25 of 2nd period - Wrist shot by Kevin Fiala.
6:25 of 2nd period - Deflect By Scott Laughton.
6:25 of 2nd period - Shot Misses the Net.
6:25 of 2nd period - Puck is out of play.
6:26 of 2nd period - Scott Laughton wins face-off versus Carter Rowney in Hamilton Bulldogs zone.
6:47 of 2nd period - Slapshot by Reid Boucher.
6:47 of 2nd period - Shot Misses the Net.
8:00 of 2nd period - Wrist shot by Reid Boucher.
8:00 of 2nd period - Stopped by Lars Johansson without a rebound.
8:01 of 2nd period - Jordan Weal wins face-off versus Joshua Ho-Sang in Hamilton Bulldogs zone.
8:13 of 2nd period - Wrist shot by Jordan Weal.
8:13 of 2nd period - Shot Blocked by Dean Kukan.
8:15 of 2nd period - Slapshot by Nick Jensen.
8:15 of 2nd period - Shot Misses the Net.
8:17 of 2nd period - Snap shot by Bryan Bickell.
8:17 of 2nd period - Stopped by Darcy Kuemper with a rebound.
8:36 of 2nd period - Snap shot by Zac Dalpe.
8:36 of 2nd period - Stopped by Lars Johansson with a rebound.
8:38 of 2nd period - Slapshot by Zac Dalpe.
8:38 of 2nd period - Stopped by Lars Johansson with a rebound.
8:45 of 2nd period - Icing by Julian Melchiori.
8:46 of 2nd period - Kyle Criscuolo wins face-off versus Jordan Maletta in Hamilton Bulldogs zone.
9:08 of 2nd period - Icing by Dean Kukan.
9:09 of 2nd period - Jordan Maletta wins face-off versus Jordan Weal in Philadelphia Phantoms zone.
10:20 of 2nd period - Wrist shot by Kevin Fiala.
10:20 of 2nd period - Stopped by Lars Johansson without a rebound.
10:21 of 2nd period - Scott Laughton wins face-off versus Tomas Nosek in Hamilton Bulldogs zone.
10:26 of 2nd period - Wrist shot by Reid Boucher.
10:26 of 2nd period - Stopped by Lars Johansson with a rebound.
10:28 of 2nd period - Slapshot by Jonathan Diaby.
10:28 of 2nd period - Stopped by Lars Johansson with a rebound.
10:30 of 2nd period - Snap shot by Reid Boucher.
10:30 of 2nd period - Deflect By Kevin Fiala.
10:30 of 2nd period - Stopped by Lars Johansson with a rebound.
10:34 of 2nd period - Snap shot by Kevin Fiala.
10:34 of 2nd period - Shot Misses the Net.
10:36 of 2nd period - Slapshot by Jonathan Diaby.
10:36 of 2nd period - Shot Blocked by Chris Butler.
10:38 of 2nd period - Slapshot by Chad Billins.
10:38 of 2nd period - Shot Blocked by Chris Butler.
10:40 of 2nd period - Slapshot by Chad Billins.
10:40 of 2nd period - Shot Misses the Net.
10:42 of 2nd period - Wrist shot by Reid Boucher.
10:42 of 2nd period - Shot Misses the Net.
10:44 of 2nd period - Slapshot by Chad Billins.
10:44 of 2nd period - Shot Misses the Net.
10:46 of 2nd period - Slapshot by Reid Boucher.
10:46 of 2nd period - Stopped by Lars Johansson with a rebound.
10:52 of 2nd period - Wrist shot by Kevin Fiala.
10:52 of 2nd period - Stopped by Lars Johansson without a rebound.
10:53 of 2nd period - Joshua Ho-Sang wins face-off versus Jordan Weal in Hamilton Bulldogs zone.
11:01 of 2nd period - Minor Penalty to Alexandre Grenier for Hooking.
11:02 of 2nd period - Carter Rowney wins face-off versus Joshua Ho-Sang in Hamilton Bulldogs zone.
11:38 of 2nd period - Wrist shot by Reid Boucher.
11:38 of 2nd period - Stopped by Lars Johansson with a rebound.
12:22 of 2nd period - Reid Boucher is hit by Alexander Nylander and loses puck.
12:33 of 2nd period - Anthony DeAngelo is hit by Matt Caito and loses puck.
13:01 of 2nd period - Penalty to Alexandre Grenier is over, Alexandre Grenier is back on ice.
13:17 of 2nd period - Off-side.
13:18 of 2nd period - Jordan Maletta wins face-off versus Jordan Weal in neutral zone.
13:43 of 2nd period - Snap shot by Jayce Hawryluk.
13:43 of 2nd period - Stopped by Darcy Kuemper with a rebound.
13:45 of 2nd period - Wrist shot by Viktor Svedberg.
13:45 of 2nd period - Deflect By Zac Dalpe.
13:45 of 2nd period - Stopped by Darcy Kuemper without a rebound.
13:46 of 2nd period - Zac Dalpe wins face-off versus Tomas Nosek in Philadelphia Phantoms zone.
14:13 of 2nd period - Snap shot by Casey Nelson.
14:13 of 2nd period - Stopped by Darcy Kuemper with a rebound.
14:27 of 2nd period - Slapshot by Dryden Hunt.
14:27 of 2nd period - Stopped by Lars Johansson with a rebound.
14:29 of 2nd period - Wrist shot by Dryden Hunt.
14:29 of 2nd period - Stopped by Lars Johansson without a rebound.
14:30 of 2nd period - Jordan Weal wins face-off versus Joshua Ho-Sang in Hamilton Bulldogs zone.
14:55 of 2nd period - Dakota Mermis is hit by Alexander Nylander and loses puck.
15:16 of 2nd period - Slapshot by Anthony DeAngelo.
15:16 of 2nd period - Stopped by Darcy Kuemper without a rebound.
15:17 of 2nd period - Jordan Maletta wins face-off versus Kyle Criscuolo in Philadelphia Phantoms zone.
15:22 of 2nd period - Snap shot by Teemu Pulkkinen.
15:22 of 2nd period - Shot Misses the Net.
15:24 of 2nd period - Slapshot by Julian Melchiori.
15:24 of 2nd period - Shot Misses the Net.
15:26 of 2nd period - Backhand shot by Nick Jensen.
15:26 of 2nd period - Stopped by Darcy Kuemper without a rebound.
15:27 of 2nd period - Jordan Weal wins face-off versus Joshua Ho-Sang in Philadelphia Phantoms zone.
15:35 of 2nd period - Bryan Bickell and Matt Caito fight to a draw.
15:35 of 2nd period - Penalty to Bryan Bickell for Fighting.
15:35 of 2nd period - Penalty to Matt Caito for Fighting.
15:36 of 2nd period - Dale Weise wins face-off versus Jordan Weal in Philadelphia Phantoms zone.
16:03 of 2nd period - Dryden Hunt is hit by Nick Jensen and loses puck.
16:38 of 2nd period - Slapshot by Anthony DeAngelo.
16:38 of 2nd period - Deflect By Kyle Criscuolo.
16:38 of 2nd period - Stopped by Darcy Kuemper without a rebound.
16:39 of 2nd period - Kyle Criscuolo wins face-off versus Joshua Ho-Sang in Philadelphia Phantoms zone.
16:52 of 2nd period - Wrist shot by Joshua Ho-Sang.
16:52 of 2nd period - Stopped by Lars Johansson with a rebound.
18:10 of 2nd period - Snap shot by Dryden Hunt.
18:10 of 2nd period - Goal by Dryden Hunt - Philadelphia Phantoms : 1 - Hamilton Bulldogs : 6.
18:11 of 2nd period - Joshua Ho-Sang wins face-off versus Jordan Weal in neutral zone.
18:17 of 2nd period - Snap shot by Dale Weise.
18:17 of 2nd period - Goal by Dale Weise - Philadelphia Phantoms : 2 - Hamilton Bulldogs : 6.
18:18 of 2nd period - Joshua Ho-Sang wins face-off versus Carter Rowney in neutral zone.
18:37 of 2nd period - Nick Jensen is hit by Dale Weise and loses puck.
18:54 of 2nd period - Alexandre Carrier is hit by Nick Jensen and loses puck.
19:32 of 2nd period - Off-side.
19:33 of 2nd period - Nic Kerdiles wins face-off versus Carter Rowney in neutral zone.
19:41 of 2nd period - Viktor Svedberg beats up Nic Kerdiles.
19:41 of 2nd period - Penalty to Viktor Svedberg for Fighting.
19:41 of 2nd period - Penalty to Nic Kerdiles for Fighting.
19:42 of 2nd period - Jordan Weal wins face-off versus Joshua Ho-Sang in Hamilton Bulldogs zone.
Goals for this period are 2 for Philadelphia Phantoms vs 1 for Hamilton Bulldogs.
Shots for this period are 18 for Philadelphia Phantoms vs 13 for Hamilton Bulldogs.

3rd period


0:01 of 3rd period - Joshua Ho-Sang wins face-off versus Jordan Weal in neutral zone.
0:04 of 3rd period - Julian Melchiori is hit by Joshua Ho-Sang and loses puck.
0:25 of 3rd period - Kevin Fiala is hit by Jayce Hawryluk and loses puck.
0:30 of 3rd period - Wrist shot by Casey Nelson.
0:30 of 3rd period - Deflect By Tomas Nosek.
0:30 of 3rd period - Stopped by Darcy Kuemper with a rebound.
1:51 of 3rd period - Bryan Bickell is hit by Chad Billins and loses puck.
2:28 of 3rd period - Teemu Pulkkinen is hit by Reid Boucher and loses puck.
3:36 of 3rd period - Minor Penalty to Jonathan Diaby for Hooking.
3:37 of 3rd period - Scott Laughton wins face-off versus Jordan Weal in Philadelphia Phantoms zone.
4:02 of 3rd period - Dakota Mermis is hit by Tomas Nosek.
4:30 of 3rd period - Slapshot by Jordan Maletta.
4:30 of 3rd period - Shot Misses the Net.
4:41 of 3rd period - Penalty to Nic Kerdiles is over, Nic Kerdiles is back on ice.
5:36 of 3rd period - Penalty to Jonathan Diaby is over, Jonathan Diaby is back on ice.
5:46 of 3rd period - Wrist shot by Jayce Hawryluk.
5:46 of 3rd period - Goal by Jayce Hawryluk - Philadelphia Phantoms : 2 - Hamilton Bulldogs : 7.
5:47 of 3rd period - Carter Rowney wins face-off versus Joshua Ho-Sang in neutral zone.
5:58 of 3rd period - Snap shot by Adam Erne.
5:58 of 3rd period - Stopped by Darcy Kuemper with a rebound.
6:00 of 3rd period - Slapshot by Adam Erne.
6:00 of 3rd period - Stopped by Darcy Kuemper without a rebound.
6:01 of 3rd period - Jordan Weal wins face-off versus Scott Laughton in Philadelphia Phantoms zone.
6:02 of 3rd period - Wrist shot by Alexandre Grenier.
6:02 of 3rd period - Shot Misses the Net.
6:14 of 3rd period - Wrist shot by Kevin Fiala.
6:14 of 3rd period - Shot Misses the Net.
6:16 of 3rd period - Slapshot by Dakota Mermis.
6:16 of 3rd period - Stopped by Lars Johansson with a rebound.
6:26 of 3rd period - Dale Weise is hit by Adam Erne and loses puck.
7:30 of 3rd period - Snap shot by Nic Kerdiles.
7:30 of 3rd period - Stopped by Lars Johansson with a rebound.
7:52 of 3rd period - Slapshot by Nic Kerdiles.
7:52 of 3rd period - Shot Blocked by Kyle Criscuolo.
7:54 of 3rd period - Slapshot by Chad Billins.
7:54 of 3rd period - Deflect By Nic Kerdiles.
7:54 of 3rd period - Stopped by Lars Johansson without a rebound.
7:55 of 3rd period - Dale Weise wins face-off versus Jordan Weal in Hamilton Bulldogs zone.
7:56 of 3rd period - Wrist shot by Joshua Ho-Sang.
7:56 of 3rd period - Stopped by Lars Johansson without a rebound.
7:57 of 3rd period - Jordan Weal wins face-off versus Joshua Ho-Sang in Hamilton Bulldogs zone.
8:18 of 3rd period - Minor Penalty to Viktor Svedberg for Holding.
8:19 of 3rd period - Carter Rowney wins face-off versus Joshua Ho-Sang in Hamilton Bulldogs zone.
8:30 of 3rd period - Wrist shot by Dale Weise.
8:30 of 3rd period - Shot Misses the Net.
8:32 of 3rd period - Wrist shot by Joshua Ho-Sang.
8:32 of 3rd period - Goal by Joshua Ho-Sang - Philadelphia Phantoms : 3 - Hamilton Bulldogs : 7.
8:33 of 3rd period - Joshua Ho-Sang wins face-off versus Jordan Weal in neutral zone.
8:46 of 3rd period - Wrist shot by Jordan Weal.
8:46 of 3rd period - Stopped by Darcy Kuemper without a rebound.
8:47 of 3rd period - Scott Laughton wins face-off versus Carter Rowney in Philadelphia Phantoms zone.
8:52 of 3rd period - Nick Jensen is hit by Dean Kukan and loses puck.
9:07 of 3rd period - Carter Rowney is hit by Dean Kukan and loses puck.
9:24 of 3rd period - Wrist shot by Jordan Weal.
9:24 of 3rd period - Stopped by Darcy Kuemper without a rebound.
9:25 of 3rd period - Jordan Weal wins face-off versus Joshua Ho-Sang in Philadelphia Phantoms zone.
9:39 of 3rd period - Wrist shot by Joshua Ho-Sang.
9:39 of 3rd period - Shot Misses the Net.
9:41 of 3rd period - Slapshot by Matt Caito.
9:41 of 3rd period - Deflect By Kevin Labanc.
9:41 of 3rd period - Shot Misses the Net.
9:41 of 3rd period - Puck is out of play.
9:42 of 3rd period - Scott Laughton wins face-off versus Carter Rowney in Hamilton Bulldogs zone.
10:07 of 3rd period - Julian Melchiori is hit by Dale Weise and loses puck.
10:38 of 3rd period - Snap shot by Jayce Hawryluk.
10:38 of 3rd period - Stopped by Darcy Kuemper with a rebound.
11:11 of 3rd period - Minor Penalty to Reid Boucher for Holding.
11:12 of 3rd period - Jordan Weal wins face-off versus Scott Laughton in Philadelphia Phantoms zone.
11:13 of 3rd period - Wrist shot by Alexandre Grenier.
11:13 of 3rd period - Stopped by Darcy Kuemper without a rebound.
11:14 of 3rd period - Scott Laughton wins face-off versus Jordan Weal in Philadelphia Phantoms zone.
11:39 of 3rd period - Scott Laughton is hit by Adam Erne and loses puck.
12:26 of 3rd period - Dakota Mermis is hit by Adam Erne and loses puck.
12:59 of 3rd period - Bryan Bickell is hit by Alexandre Carrier and loses puck.
13:11 of 3rd period - Penalty to Reid Boucher is over, Reid Boucher is back on ice.
13:24 of 3rd period - Wrist shot by Teemu Pulkkinen.
13:24 of 3rd period - Stopped by Darcy Kuemper with a rebound.
13:26 of 3rd period - Slapshot by Tim Erixon.
13:26 of 3rd period - Deflect By Kyle Criscuolo.
13:26 of 3rd period - Stopped by Darcy Kuemper with a rebound.
14:50 of 3rd period - Jayce Hawryluk is hit by Jordan Maletta and loses puck.
15:05 of 3rd period - Icing by Dean Kukan.
15:06 of 3rd period - Jordan Weal wins face-off versus Dale Weise in Philadelphia Phantoms zone.
15:20 of 3rd period - Kevin Labanc is hit by Nick Jensen and loses puck.
15:37 of 3rd period - Wrist shot by Zac Dalpe.
15:37 of 3rd period - Stopped by Lars Johansson with a rebound.
15:39 of 3rd period - Backhand shot by Dryden Hunt.
15:39 of 3rd period - Stopped by Lars Johansson without a rebound.
15:40 of 3rd period - Scott Laughton wins face-off versus Tomas Nosek in Hamilton Bulldogs zone.
15:49 of 3rd period - Slapshot by Kevin Fiala.
15:49 of 3rd period - Shot Misses the Net.
15:51 of 3rd period - Snap shot by Reid Boucher.
15:51 of 3rd period - Shot Misses the Net.
15:55 of 3rd period - Wrist shot by Kevin Fiala.
15:55 of 3rd period - Stopped by Lars Johansson without a rebound.
15:56 of 3rd period - Sean Kuraly wins face-off versus Jordan Weal in Hamilton Bulldogs zone.
15:57 of 3rd period - Wrist shot by Dryden Hunt.
15:57 of 3rd period - Shot Hit the Post.
15:59 of 3rd period - Slapshot by Sean Kuraly.
15:59 of 3rd period - Goal by Sean Kuraly - Philadelphia Phantoms : 4 - Hamilton Bulldogs : 7.
16:00 of 3rd period - Jordan Weal wins face-off versus Sean Kuraly in neutral zone.
16:09 of 3rd period - Nick Jensen is hit by Zac Dalpe and loses puck.
16:35 of 3rd period - Snap shot by Carter Rowney.
16:35 of 3rd period - Shot Misses the Net.
16:37 of 3rd period - Wrist shot by Alexander Nylander.
16:37 of 3rd period - Deflect By Adam Erne.
16:37 of 3rd period - Stopped by Darcy Kuemper with a rebound.
16:39 of 3rd period - Backhand shot by Julian Melchiori.
16:39 of 3rd period - Shot Blocked by Dean Kukan.
17:18 of 3rd period - Sean Kuraly is hit by Kyle Criscuolo and loses puck.
17:37 of 3rd period - Nic Kerdiles is hit by Jordan Weal and loses puck.
17:55 of 3rd period - Icing by Jonathan Diaby.
17:56 of 3rd period - Jordan Maletta wins face-off versus Carter Rowney in Philadelphia Phantoms zone.
18:05 of 3rd period - Snap shot by Kevin Fiala.
18:05 of 3rd period - Stopped by Lars Johansson without a rebound.
18:06 of 3rd period - Scott Laughton wins face-off versus Jordan Weal in Hamilton Bulldogs zone.
18:09 of 3rd period - Slapshot by Scott Laughton.
18:09 of 3rd period - Shot Misses the Net.
18:11 of 3rd period - Slapshot by Alexandre Carrier.
18:11 of 3rd period - Deflect By Kevin Fiala.
18:11 of 3rd period - Stopped by Lars Johansson with a rebound.
18:13 of 3rd period - Wrist shot by Kevin Fiala.
18:13 of 3rd period - Shot Misses the Net.
18:15 of 3rd period - Slapshot by Alexandre Carrier.
18:15 of 3rd period - Stopped by Lars Johansson without a rebound.
18:16 of 3rd period - Jordan Weal wins face-off versus Kevin Labanc in Hamilton Bulldogs zone.
18:21 of 3rd period - Nick Jensen beats up Alexandre Carrier.
18:21 of 3rd period - Penalty to Nick Jensen for Fighting.
18:21 of 3rd period - Penalty to Alexandre Carrier for Fighting.
18:22 of 3rd period - Jordan Weal wins face-off versus Joshua Ho-Sang in neutral zone.
18:40 of 3rd period - Joshua Ho-Sang is hit by Bryan Bickell and loses puck.
18:52 of 3rd period - Icing by Chad Billins.
18:53 of 3rd period - Scott Laughton wins face-off versus Carter Rowney in Philadelphia Phantoms zone.
19:02 of 3rd period - Snap shot by Kevin Fiala.
19:02 of 3rd period - Stopped by Lars Johansson with a rebound.
19:10 of 3rd period - Dean Kukan is hit by Adam Erne and loses puck.
19:21 of 3rd period - Snap shot by Adam Erne.
19:21 of 3rd period - Shot Blocked by Chad Billins.
19:45 of 3rd period - Snap shot by Kevin Fiala.
19:45 of 3rd period - Stopped by Lars Johansson without a rebound.
19:46 of 3rd period - Sean Kuraly wins face-off versus Jordan Weal in Hamilton Bulldogs zone.
19:51 of 3rd period - Snap shot by Zac Dalpe.
19:51 of 3rd period - Stopped by Lars Johansson with a rebound.
19:53 of 3rd period - Snap shot by Dakota Mermis.
19:53 of 3rd period - Shot Blocked by Alexandre Grenier.
19:55 of 3rd period - Snap shot by Dryden Hunt.
19:55 of 3rd period - Stopped by Lars Johansson with a rebound.
19:57 of 3rd period - Snap shot by Dryden Hunt.
19:57 of 3rd period - Goal by Dryden Hunt - Philadelphia Phantoms : 5 - Hamilton Bulldogs : 7.
19:58 of 3rd period - Tomas Nosek wins face-off versus Sean Kuraly in neutral zone.
Goals for this period are 3 for Philadelphia Phantoms vs 1 for Hamilton Bulldogs.
Shots for this period are 17 for Philadelphia Phantoms vs 11 for Hamilton Bulldogs.